 Dungeon Crawl Stone Soup version 0.31-a0-259-g771a54ca4b (webtiles) character file.

Game seed: 3947744539082702611

174179 qw the Marksminotaur (level 17, -10/168 HPs)
             Began as a Minotaur Hexslinger on July 13, 2023.
             Was an Elder of Okawaru.
             Killed by the raging water
             ... invoked by a water nymph
              (21 damage)
             ... on level 4 of the Shoals.
             The game lasted 00:15:37 (26330 turns).

qw the Marksminotaur (Minotaur Hexslinger)         Turns: 26330, Time: 00:15:38

Health: -10/168    AC: 20    Str: 13    XL:     17   Next: 44%
Magic:  18/23      EV: 34    Int: 10    God:    Okawaru [****..]
Gold:   1848       SH:  0    Dex: 27    Spells: 17/18 levels left

rFire   . . .        Y - +3 longbow (flame)
rCold   . . .        (shield currently unavailable)
rNeg    + . .        g - +1 swamp dragon scales
rPois   +            b - +2 hat {SInv}
rElec   .            u - scarf of the Eternal Void {+Inv, rN+ Regen+}
rCorr   .            c - +2 pair of gloves
SInv    +            f - +2 pair of boots
Will    +....        d - amulet of regeneration
Stlth   ++           w - +6 ring of dexterity
HPRegen 2.08/turn    t - +5 ring of evasion
MPRegen 0.18/turn

%: no passive effects
@: about to teleport, heroic, finesse-ful, engulfed (cannot breathe),
mesmerised, very slow
A: horns 2, retaliatory headbutt, deformed body
a: Renounce Religion, Evoke Invisibility, Heroism, Finesse


You were on level 4 of the Shoals.
You worshipped Okawaru.
Okawaru was greatly pleased with you.
You visited 6 branches of the dungeon, and saw 30 of its levels.
You visited 1 bazaar.

You collected 3685 gold pieces.
You spent 1837 gold pieces at shops.


Innate Abilities, Weirdness & Mutations

You have a pair of horns on your head.
You reflexively headbutt those who attack you in melee.
Armour fits poorly on your strangely shaped body.


   Skills:
 + Level 19.4(24.4) Fighting
 - Level 20.0(25.0) Ranged Weapons
 - Level 14.0(19.0) Armour
 - Level 16.0(21.0) Dodging
 - Level 1.0 Spellcasting
 - Level 2.0 Hexes
 - Level 10.0 Invocations


You had 17 spell levels left.
You knew the following spells:

 Your Spells              Type           Power      Damage    Failure   Level
a - Slow                  Hex            16%        N/A       24%         1

Your spell library contained the following spells:

 Spells                   Type           Power      Damage    Failure   Level
 Inner Flame              Hex/Fire       2%         N/A       71%         3
 Portal Projectile        Hex/Tloc       4%         N/A       71%         3
 Cause Fear               Hex            2%         N/A       93%         4

Inventory:

Hand Weapons
 Y - a +3 longbow of flaming (weapon)
Armour
 b - a +2 hat of see invisible (worn)
 c - a +2 pair of gloves (worn)
 f - a +2 pair of boots (worn)
 g - +1 swamp dragon scales (worn)
 u - the scarf of the Eternal Void (worn) {+Inv, rN+ Regen+}
   (Okawaru gifted it to you on level 3 of the Snake Pit)

   rN:        It protects you from negative energy.
   Regen:     It increases your rate of health regeneration.
 v - a +2 troll leather armour {Snorg}
Jewellery
 d - an amulet of regeneration (around neck)
 m - a ring of protection from fire
 t - a +5 ring of evasion (right hand)
 w - a +6 ring of dexterity (left hand)
Wands
 a - a wand of digging (25)
Scrolls
 j - 10 scrolls of teleportation
 o - 14 scrolls of identify
Potions
 e - 15 potions of curing
 h - 8 potions of enlightenment
 i - 3 potions of magic
 k - 6 potions of mutation
 l - 6 potions of haste
 q - a potion of cancellation
 r - 2 potions of might
 s - 3 potions of resistance

Dungeon Overview and Level Annotations

Branches:
Dungeon (15/15)            Temple (1/1) D:6            Lair (5/5) D:11
 Shoals (4/4) Lair:2        Snake (3/4) Lair:3        Slime (0/5) Lair:4
    Orc (2/2) D:12            Elf (0/3) Orc:2        Vaults (0/5) D:14
 Depths (0/4) D:15

Altars:
Ashenzari
Cheibriados
Dithmenos
Elyvilon
Fedhas
Gozag
Hepliaklqana
Kikubaaqudgha
Makhleb
Nemelex Xobeh
Okawaru
Qazlal
Ru
Sif Muna
Trog
Uskayaw
Vehumet
Wu Jian
Xom
Yredelemnul
Zin
The Shining One

Shops:
D:3 ![   D:5 ?   Orc:2 *??=

Portals:
Trove: D:14 (give +3 ice dragon scales)

Annotations:
Shoals:2 3 runed translucent doors, qw's ghost, adept GrHs
Orc:1 2 transporters


Message History

Okawaru will no longer gift you equipment.
The harpy zombie completely misses you. You furiously retaliate!
You headbutt the harpy zombie. The harpy zombie misses you.
A sea snake comes into view.
The merfolk aquamancer closely misses you.
You furiously retaliate!
You headbutt the merfolk aquamancer!
The merfolk siren chants its luring song.
The harpy zombie completely misses you. The harpy zombie misses you.
The merfolk javelineer completely misses you.
The water elemental misses you. You furiously retaliate!
You headbutt the water elemental! The merfolk completely misses you.
The water nymph closely misses you. The water nymph casts a spell at you.
The water swirls and strikes you!!!
26330 ||| READING 11 scrolls of teleportation.
As you read the scroll of teleportation, it crumbles to dust.
You feel strangely unstable. The harpy misses you. You furiously retaliate!
You headbutt the harpy. The harpy completely misses you.
The harpy zombie completely misses you. x2
A harpy comes into view.
The merfolk siren misses you.
The merfolk aquamancer completely misses you.
You furiously retaliate!
You headbutt the merfolk aquamancer! The harpy zombie completely misses you.
You furiously retaliate!
You headbutt the harpy zombie, but do no damage.
The harpy zombie completely misses you.
The merfolk javelineer closely misses you.
The water elemental hits you!
The water elemental engulfs you in water!
The harpy completely misses you. You furiously retaliate!
You headbutt the harpy! The harpy barely misses you.
The merfolk completely misses you. The manticore zombie misses you.
You furiously retaliate!
You headbutt the manticore zombie.
The manticore zombie completely misses you. x2
The faun unwields a +0 club.
The faun wields a +0 sling.
The faun shoots a sling bullet.
The sling bullet completely misses you.
The sling bullet hits the manticore zombie!
The water nymph gestures at you while chanting.
The water swirls and strikes you!!
You die...

##........~~~~~
.H.......~~~~~~
...c.....~~~~~~
.........~~~~~~
....?....~~~..~
......~~.~~~~~~
#....~ZEH~~~~.P
....~mZ@.~~....
.....~mmmm....P
.....~ZmE~...c.
......~~~~.....
......~S~~.....
......~~~......
........~...~~.
.PPPP.~~~..~~..


You could see a merfolk javelineer, a sea snake, a merfolk aquamancer, a
merfolk, 2 fauns, 2 water elementals, a merfolk siren (mesmerising), 2 water
nymphs, 2 harpies, a manticore zombie and 2 harpy zombies.

Vanquished Creatures
  Vashnia (Snake:2)
  Rupert (Lair:4)
  A kraken (Shoals:3)
  A nagaraja (Snake:3)
  Donald (Snake:1)
  A frost giant (D:15)
  Ilsuiw (Shoals:2)
  Louise (Shoals:2)
  An ironbound preserver (D:14)
  Nessos (Orc:2)
  Azrael (Orc:2)
  Snorg (D:11)
  2 merfolk impalers
  A rakshasa (D:14)
  3 hydras
  3 catoblepae
  A merfolk aquamancer (Shoals:2)
  2 merfolk avatars (Shoals:1)
  6 centaur warriors
  3 two-headed ogres
  4 anacondas
  A satyr (Shoals:3)
  A death yak (Lair:5)
  5 boulder beetles
  3 tengu warriors
  7 naga warriors
  6 naga sharpshooters
  6 shock serpents
  Urug (Lair:4)
  6 skysharks
  Sonja (D:11)
  Amaemon (Lair:2)
  2 salamander mystics (Snake:3)
  4 sea snakes
  8 skeletal warriors
  2 wizards
  7 spriggan simulacra (Shoals:3)
  3 naga ritualists
  Pikel (D:9)
  2 orc knights (Orc:2)
  6 mana vipers
  3 deep elf pyromancers
  20 harpies
  8 manticores
  A wolf spider (D:15)
  12 ugly things
  11 fauns
  An orc sorcerer (Orc:2)
  6 cyclopes
  10 elephants (Lair:5)
  9 salamanders
  2 guardian serpents
  13 merfolk sirens
  Maurice (D:8)
  A moth of wrath (shapeshifter) (D:15)
  5 water nymphs
  10 naga magi
  20 black mambas
  An unseen horror (D:11)
  A kobold demonologist (D:12)
  An orange demon (Lair:2)
  2 torpor snails
  7 cane toads
  3 efreet
  Maggie (D:7)
  5 rime drakes
  5 yaktaurs (D:15)
  6 komodo dragons
  2 tengu conjurers
  11 merfolk
  A freezing wraith (D:14)
  3 harpy zombies (Shoals:4)
  A guardian mummy (D:14)
  A hornet (D:9)
  13 polar bears
  3 meliai (D:15)
  2 raiju (Lair:5)
  6 wind drakes
  7 trolls
  25 blink frogs
  21 dream sheep
  5 snapping turtles
  3 wraiths
  7 slime creatures
  35 yaks
  4 water elementals
  2 shadows
  4 wyverns
  2 fire elementals (Orc:2)
  2 fire bats (Lair:4)
  12 vampire mosquitoes
  3 steam dragons
  4 basilisks
  9 wargs
  2 acid dragons (D:11)
  24 nagas
  9 water moccasins
  16 hell hounds
  A sky beast (D:7)
  30 orc warriors
  12 black bears
  7 ice beasts
  10 ogres
  39 wolves
  2 phantoms
  26 centaurs
  A kobold brigand (D:8)
  9 bullfrogs
  A gnoll sergeant (D:10)
  4 scorpions
  A deep troll simulacrum (Shoals:3)
  5 wights (D:9)
  20 killer bees
  8 howler monkeys
  An electric eel (Lair:2)
  7 jellies
  A hound (D:3)
  13 orc priests
  3 sleepcaps
  3 gnoll boudas (D:7)
  3 iguanas
  17 orc wizards
  24 gnolls
  7 adders
  3 white imps (D:6)
  A worm (D:2)
  2 dart slugs
  65 orcs
  3 ball pythons
  8 bats
  A bat zombie (Shoals:4)
  11 endoplasms
  6 giant cockroaches
  8 goblins
  13 hobgoblins
  4 jackals (D:1)
  3 quokkas
  4 frilled lizards
  11 kobolds
  4 rats
  A tentacle (Shoals:3)
917 creatures vanquished.

Vanquished Creatures (others)
  A merfolk aquamancer (Shoals:4)
  A harpy (Shoals:2)
  2 orc warriors (Orc:2)
  3 tentacles (Shoals:3)
7 creatures vanquished.

Grand Total: 924 creatures vanquished

Notes
Turn   | Place    | Note
-------+----------+-------------------------------------------
     0 | D:1      | qw the Minotaur Hexslinger began the quest for the Orb.
     0 | D:1      | Reached XP level 1. HP: 16/16 MP: 1/1
     0 | D:1      | 0 ||| qw: Version: 0.3-a-52-g30416fa
     0 | D:1      | 0 ||| qw: Game counter: 6945
     0 | D:1      | 0 ||| qw: Melee chars always use a shield: true
     0 | D:1      | 0 ||| qw: God list: Okawaru
     0 | D:1      | 0 ||| qw: Allow faded altars: false
     0 | D:1      | 0 ||| qw: Do Orc after clearing Dungeon:15 true
     0 | D:1      | 0 ||| qw: Do second Lair branch before Depths: true
     0 | D:1      | 0 ||| qw: Lair rune preference: random
     0 | D:1      | 0 ||| qw: Goals: Normal
     0 | D:1      | 0 ||| PLANNING D:1-11
   114 | D:1      | Reached skill level 3 in Ranged Weapons
   118 | D:1      | Reached XP level 2. HP: 23/23 MP: 2/2
   282 | D:1      | Found a faded altar of an unknown god.
   408 | D:1      | Reached XP level 3. HP: 29/29 MP: 3/3
   565 | D:1      | Reached skill level 4 in Ranged Weapons
   737 | D:1      | 737 ||| UPGRADING to +0 ring mail.
   747 | D:1      | 747 ||| DROPPING +0 robe.
   748 | D:1      | 748 ||| READING scroll labelled VAESIU WUHOT.
   749 | D:1      | 749 ||| READING scroll labelled OQAXOONTEPP.
   754 | D:1      | 754 ||| READING scroll labelled VOUDUJ GUALAOG.
   755 | D:1      | 755 ||| DROPPING scroll of poison.
   788 | D:2      | Reached skill level 1 in Armour
  1067 | D:2      | Reached XP level 4. HP: 36/36 MP: 4/4
  1446 | D:2      | 1446 ||| READING scroll labelled ZAFUTO HAMASCH.
  1447 | D:2      | 1447 ||| READING scroll labelled DOREROKIAM.
  1448 | D:2      | 1448 ||| READING scroll labelled LIZIEN GIPTAL.
  1670 | D:3      | Noticed an animated plate armour
  1671 | D:3      | Found Zaheirch's Armour Shop.
  1671 | D:3      | Noticed an animated shadow dragon scales
  1672 | D:3      | 1672 ||| UPGRADING to +0 pair of gloves.
  1703 | D:3      | 1703 ||| SHOPLISTING +3 leather armour (209 gold, have 79).
  1703 | D:3      | 1703 ||| SHOPLISTING +4 ring mail of cold resistance (341
                  | gold, have 79).
  1836 | D:3      | Found Nofal's Distillery.
  1848 | D:3      | 1848 ||| BUYING 2 potions of curing (72 gold).
  1848 | D:3      | Bought 2 potions of curing for 72 gold pieces
  1848 | D:3      | 1848 ||| SHOPLISTING potion of cancellation (96 gold, have
                  | 65).
  1848 | D:3      | 1848 ||| BUYING potion of enlightenment (60 gold).
  1848 | D:3      | Bought a potion of enlightenment for 60 gold pieces
  1848 | D:3      | 1848 ||| SHOPLISTING potion of might (48 gold, have 5).
  2107 | D:3      | Reached skill level 5 in Ranged Weapons
  2151 | D:3      | Reached skill level 3 in Fighting
  2151 | D:3      | Reached XP level 5. HP: 25/45 MP: 5/5
  2524 | D:3      | 2524 ||| UPGRADING to amulet of regeneration.
  2529 | D:3      | 2529 ||| READING scroll labelled BECUORPH PAMIV.
  2530 | D:3      | 2530 ||| READING scroll labelled VUIRE QOINN.
  2531 | D:3      | 2531 ||| DRINKING 2 grey potions.
  2579 | D:3      | 2579 ||| DROPPING potion of lignification.
  2647 | D:4      | Reached skill level 6 in Ranged Weapons
  2695 | D:4      | Noticed an ogre
  2701 | D:4      | Killed an ogre
  2702 | D:4      | Reached XP level 6. HP: 41/53 MP: 6/6
  2913 | D:4      | Identified the +4 buckler of Stoicism {+Blink rC+ rN+}
  3007 | D:4      | Reached skill level 7 in Ranged Weapons
  3181 | D:4      | 3181 ||| UPGRADING to +5 ring of evasion.
  3182 | D:4      | 3182 ||| READING scroll labelled FAVUIPN FONUGI.
  3183 | D:4      | 3183 ||| DRINKING 2 yellow potions.
  3184 | D:4      | 3184 ||| DRINKING 3 murky cyan potions.
  3184 | D:4      | Gained mutation: Your mind is acute. (Int +4, Str/Dex -1)
                  | [potion of mutation]
  3184 | D:4      | Lost mutation: Your mind is acute. (Int +4, Str/Dex -1)
                  | [potion of mutation]
  3184 | D:4      | Gained mutation: Armour fits poorly on your strangely
                  | shaped body. [potion of mutation]
  3185 | D:4      | 3185 ||| DROPPING potion of degeneration.
  3218 | D:5      | Entered Level 5 of the Dungeon
  3235 | D:5      | Reached XP level 7. HP: 60/60 MP: 7/7
  3309 | D:5      | Found a sacrificial altar of Ru.
  3319 | D:5      | 3319 ||| Stepping ~*~*~tactically~*~*~ (outnumbered).
  3328 | D:5      | 3328 ||| Stepping ~*~*~tactically~*~*~ (outnumbered).
  3345 | D:5      | Reached skill level 8 in Ranged Weapons
  3438 | D:5      | Found a basalt altar of Yredelemnul.
  3574 | D:5      | 3574 ||| FLEEEEING.
  3575 | D:5      | 3575 ||| FLEEEEING.
  3576 | D:5      | 3576 ||| FLEEEEING.
  3578 | D:5      | 3578 ||| FLEEEEING.
  3579 | D:5      | 3579 ||| FLEEEEING.
  3580 | D:5      | 3580 ||| FLEEEEING.
  3581 | D:5      | 3581 ||| FLEEEEING.
  3582 | D:5      | 3582 ||| FLEEEEING.
  3583 | D:5      | 3583 ||| FLEEEEING.
  3584 | D:5      | 3584 ||| FLEEEEING.
  3585 | D:5      | 3585 ||| FLEEEEING.
  3586 | D:5      | 3586 ||| FLEEEEING.
  3587 | D:5      | 3587 ||| FLEEEEING.
  3590 | D:5      | 3590 ||| STAIRDANCE
  3732 | D:5      | Found Zuttalu's Magic Scroll Shoppe.
  3739 | D:5      | 3739 ||| SHOPLISTING scroll of enchant armour (97 gold,
                  | have 88).
  3739 | D:5      | 3739 ||| BUYING scroll of identify (26 gold).
  3739 | D:5      | Bought a scroll of identify for 26 gold pieces
  3739 | D:5      | 3739 ||| BUYING scroll of identify (26 gold).
  3739 | D:5      | Bought a scroll of identify for 26 gold pieces
  3739 | D:5      | 3739 ||| BUYING scroll of identify (26 gold).
  3739 | D:5      | Bought a scroll of identify for 26 gold pieces
  3739 | D:5      | 3739 ||| SHOPLISTING scroll of teleportation (39 gold, have
                  | 10).
  3868 | D:5      | Found a shimmering blue altar of Sif Muna.
  4009 | D:5      | 4009 ||| UPGRADING to +0 robe of fire resistance.
  4019 | D:5      | 4019 ||| READING scroll labelled ONIEKU MANOK.
  4020 | D:5      | 4020 ||| READING 5 scrolls of identify.
  4020 | D:5      | 4020 ||| IDENTIFYING fuming clear potion
  4021 | D:5      | 4021 ||| READING 4 scrolls of identify.
  4021 | D:5      | 4021 ||| IDENTIFYING bubbling yellow potion
  4022 | D:5      | 4022 ||| READING 3 scrolls of identify.
  4022 | D:5      | 4022 ||| IDENTIFYING clear potion
  4023 | D:5      | 4023 ||| READING 2 scrolls of identify.
  4023 | D:5      | 4023 ||| IDENTIFYING glowing silvery potion
  4024 | D:5      | 4024 ||| DROPPING potion of attraction.
  4062 | D:6      | Reached XP level 8. HP: 64/68 MP: 8/8
  4077 | D:6      | Reached skill level 3 in Dodging
  4085 | D:6      | Reached skill level 9 in Ranged Weapons
  4085 | D:6      | 4085 ||| FLEEEEING.
  4086 | D:6      | 4086 ||| FLEEEEING.
  4087 | D:6      | 4087 ||| FLEEEEING.
  4088 | D:6      | 4088 ||| FLEEEEING.
  4089 | D:6      | 4089 ||| STAIRDANCE
  4256 | D:6      | Reached skill level 6 in Fighting
  4288 | D:6      | 4288 ||| FLEEEEING.
  4289 | D:6      | 4289 ||| FLEEEEING.
  4305 | D:6      | 4305 ||| Stepping ~*~*~tactically~*~*~ (outnumbered).
  4308 | D:6      | 4308 ||| Stepping ~*~*~tactically~*~*~ (outnumbered).
  4363 | D:6      | Reached skill level 10 in Ranged Weapons
  4581 | D:6      | Found a staircase to the Ecumenical Temple.
  4582 | D:6      | 4582 ||| PLANNING TEMPLE
  4590 | Temple   | Entered the Ecumenical Temple
  4654 | Temple   | 4654 ||| PLANNING OKAWARU WORSHIP
  4889 | Temple   | Became a worshipper of Warmaster Okawaru
  4890 | Temple   | 4890 ||| PLANNING D:1-11
  5076 | D:6      | 5076 ||| READING scroll of enchant armour.
  5076 | D:6      | 5076 ||| ENCHANTING +0 pair of gloves.
  5513 | D:7      | 5513 ||| FLEEEEING.
  5514 | D:7      | 5514 ||| FLEEEEING.
  5515 | D:7      | 5515 ||| FLEEEEING.
  5516 | D:7      | 5516 ||| FLEEEEING.
  5517 | D:7      | 5517 ||| FLEEEEING.
  5518 | D:7      | 5518 ||| FLEEEEING.
  5519 | D:7      | 5519 ||| FLEEEEING.
  5529 | D:7      | Reached XP level 9. HP: 75/79 MP: 9/9
  5797 | D:7      | Reached * piety under Okawaru
  5797 | D:7      | Noticed Maggie
  5801 | D:7      | 5801 ||| Stepping ~*~*~tactically~*~*~ (outnumbered).
  5803 | D:7      | 5803 ||| Stepping ~*~*~tactically~*~*~ (outnumbered).
  5804 | D:7      | 5804 ||| INVOKING Heroism.
  5805 | D:7      | 5805 ||| Stepping ~*~*~tactically~*~*~ (outnumbered).
  5808 | D:7      | Noticed a troll
  5822 | D:7      | Killed Maggie
  5823 | D:7      | Reached skill level 11 in Ranged Weapons
  5823 | D:7      | 5823 ||| INVOKING Heroism.
  5829 | D:7      | Reached skill level 1 in Invocations
  5830 | D:7      | HP: 17/79 [troll (12)]
  5831 | D:7      | 5831 ||| DRINKING potion of heal wounds.
  5832 | D:7      | Killed a troll
  5833 | D:7      | 5833 ||| INVOKING Heroism.
  5889 | D:7      | 5889 ||| SWAPPING to +0 shortbow.
  5890 | D:7      | 5890 ||| DROPPING +1 heavy sling.
  6055 | D:7      | Reached skill level 3 in Invocations
  6111 | D:7      | Found a shadowy altar of Dithmenos.
  6118 | D:7      | 6118 ||| FLEEEEING.
  6122 | D:7      | 6122 ||| FLEEEEING.
  6127 | D:7      | 6127 ||| FLEEEEING.
  6128 | D:7      | 6128 ||| FLEEEEING.
  6129 | D:7      | 6129 ||| FLEEEEING.
  6130 | D:7      | 6130 ||| FLEEEEING.
  6135 | D:7      | 6135 ||| FLEEEEING.
  6193 | D:7      | 6193 ||| READING scroll of enchant armour.
  6193 | D:7      | 6193 ||| ENCHANTING +1 pair of gloves.
  6530 | D:7      | 6530 ||| UPGRADING to +0 acid dragon scales.
  6540 | D:7      | 6540 ||| DROPPING +0 ring mail.
  6541 | D:7      | 6541 ||| UPGRADING to +0 cloak.
  6546 | D:7      | 6546 ||| UPGRADING to ring of protection from cold.
  6547 | D:7      | 6547 ||| READING scroll labelled LODARO EWNI.
  6548 | D:7      | 6548 ||| READING scroll labelled NISEOBBILIC.
  6616 | D:8      | 6616 ||| STAIRDANCE
  6618 | D:7      | 6618 ||| DRINKING 3 potions of curing.
  6618 | D:7      | 6618 ||| (to cure confusion)
  6640 | D:8      | 6640 ||| Stepping ~*~*~tactically~*~*~ (outnumbered).
  6642 | D:8      | Reached skill level 3 in Armour
  6661 | D:8      | 6661 ||| READING 2 scrolls of enchant weapon.
  6661 | D:8      | 6661 ||| ENCHANTING +0 shortbow.
  6662 | D:8      | 6662 ||| READING scroll of enchant weapon.
  6662 | D:8      | 6662 ||| ENCHANTING +1 shortbow.
  6681 | D:8      | 6681 ||| INVOKING Heroism.
  6711 | D:8      | 6711 ||| Stepping ~*~*~tactically~*~*~ (outnumbered).
  6714 | D:8      | 6714 ||| INVOKING Heroism.
  6730 | D:8      | Reached skill level 12 in Ranged Weapons
  6742 | D:8      | 6742 ||| SWAPPING to +0 orcbow.
  6743 | D:8      | 6743 ||| DROPPING +2 shortbow.
  6827 | D:8      | 6827 ||| READING scroll of enchant weapon.
  6827 | D:8      | 6827 ||| ENCHANTING +0 orcbow.
  6860 | D:8      | Noticed Maurice
  6862 | D:8      | Paralysed by something for 3 turns
  6869 | D:8      | Paralysed by something for 2 turns
  6889 | D:8      | Killed Maurice
  6890 | D:8      | Reached XP level 10. HP: 59/88 MP: 12/12
  6977 | D:8      | 6977 ||| READING scroll of enchant weapon.
  6977 | D:8      | 6977 ||| ENCHANTING +1 orcbow.
  7143 | D:8      | 7143 ||| INVOKING Heroism.
  7151 | D:8      | HP: 21/88 [yak (6)]
  7152 | D:8      | 7152 ||| DRINKING potion of heal wounds.
  7158 | D:8      | HP: 17/88 [yak (9)]
  7161 | D:8      | HP: 5/88 [yak (5)]
  7170 | D:8      | Reached ** piety under Okawaru
  7247 | D:8      | 7247 ||| READING scroll labelled GIUMAH RIUT MEOXT.
  7309 | D:9      | Found a snail-covered altar of Cheibriados.
  7316 | D:9      | Noticed a two-headed ogre
  7317 | D:9      | 7317 ||| INVOKING Heroism.
  7326 | D:9      | Killed a two-headed ogre
  7327 | D:9      | Reached skill level 13 in Ranged Weapons
  7377 | D:9      | Paralysed by a hornet for 2 turns
  7380 | D:9      | 7380 ||| INVOKING Heroism.
  7383 | D:9      | HP: 14/88 [hornet (11)]
  7388 | D:9      | HP: 10/90 [poisoned by a hornet]
  7531 | D:9      | Found an opulent altar of Gozag.
  7568 | D:9      | 7568 ||| INVOKING Heroism.
  7573 | D:9      | 7573 ||| Stepping ~*~*~tactically~*~*~ (cloud).
  7637 | D:9      | Reached skill level 9 in Fighting
  7895 | D:9      | Noticed Pikel
  7905 | D:9      | 7905 ||| INVOKING Heroism.
  7908 | D:9      | Killed Pikel
  7909 | D:9      | Reached skill level 6 in Dodging
  7964 | D:9      | 7964 ||| INVOKING Heroism.
  8241 | D:9      | 8241 ||| INVOKING Heroism.
  8284 | D:9      | Noticed a two-headed ogre
  8285 | D:9      | 8285 ||| INVOKING Heroism.
  8295 | D:9      | Killed a two-headed ogre
  8296 | D:9      | Reached skill level 14 in Ranged Weapons
  8296 | D:9      | Reached XP level 11. HP: 90/97 MP: 11/13
  8335 | D:9      | 8335 ||| UPGRADING to +0 pair of boots.
  8340 | D:9      | 8340 ||| UPGRADING to +2 robe of fire resistance.
  8350 | D:9      | 8350 ||| DROPPING +0 robe of fire resistance.
  8351 | D:9      | 8351 ||| READING 3 scrolls of identify.
  8351 | D:9      | 8351 ||| IDENTIFYING smoky pink potion
  8352 | D:9      | 8352 ||| READING 2 scrolls of identify.
  8352 | D:9      | 8352 ||| IDENTIFYING bubbling brown potion
  8385 | D:10     | Entered Level 10 of the Dungeon
  8411 | D:10     | 8411 ||| INVOKING Heroism.
  8528 | D:10     | Noticed a two-headed ogre
  8530 | D:10     | 8530 ||| INVOKING Heroism.
  8537 | D:10     | Killed a two-headed ogre
  8607 | D:10     | 8607 ||| FLEEEEING.
  8610 | D:10     | 8610 ||| INVOKING Heroism.
  8742 | D:10     | Found the +5 robe of Misfortune {Harm *Corrode *Slow EV+5}
  8947 | D:10     | 8947 ||| Stepping ~*~*~tactically~*~*~ (outnumbered).
  9093 | D:10     | 9093 ||| UPGRADING to +1 ring mail of willpower.
  9154 | D:11     | Reached *** piety under Okawaru
  9354 | D:11     | 9354 ||| INVOKING Heroism.
  9373 | D:11     | Reached skill level 15 in Ranged Weapons
  9484 | D:11     | Noticed Sonja
  9485 | D:11     | 9485 ||| Stepping ~*~*~tactically~*~*~ (outnumbered).
  9489 | D:11     | 9489 ||| INVOKING Heroism.
  9491 | D:11     | Killed Sonja
  9492 | D:11     | Reached skill level 6 in Armour
  9499 | D:11     | HP: 19/100 [cyclops (11)]
  9500 | D:11     | 9500 ||| READING 3 scrolls of teleportation.
  9501 | D:11     | HP: 9/100 [cyclops (9)]
  9503 | D:11     | Found a staircase to the Lair.
  9506 | D:11     | HP: 9/100 [poisoned by Sonja]
  9782 | D:11     | Noticed Snorg
  9783 | D:11     | 9783 ||| INVOKING Heroism.
  9801 | D:11     | Killed Snorg
  9982 | D:11     | Reached **** piety under Okawaru
 10108 | D:11     | 10108 ||| PLANNING LAIR
 10108 | D:11     | 10108 ||| DROPPING +0 acid dragon scales.
 10109 | D:11     | 10109 ||| DROPPING +2 robe of fire resistance.
 10110 | D:11     | 10110 ||| DROPPING +0 steam dragon scales.
 10111 | D:11     | 10111 ||| DROPPING +5 robe of Misfortune {Harm *Corrode
                  | *Slow EV+5}.
 10112 | D:11     | 10112 ||| UPGRADING to +2 troll leather armour {Snorg}.
 10122 | D:11     | 10122 ||| DROPPING +1 ring mail of willpower.
 10175 | Lair:1   | Entered Level 1 of the Lair of Beasts
 10176 | Lair:1   | 10176 ||| INVOKING Heroism.
 10205 | Lair:1   | 10205 ||| INVOKING Heroism.
 10266 | Lair:1   | Reached skill level 16 in Ranged Weapons
 10276 | Lair:1   | 10276 ||| DRINKING 2 potions of cancellation.
 10309 | Lair:1   | 10309 ||| INVOKING Heroism.
 10319 | Lair:1   | Reached XP level 12. HP: 95/108 MP: 12/14
 10626 | Lair:1   | 10626 ||| INVOKING Heroism.
 10821 | Lair:1   | 10821 ||| READING scroll of enchant weapon.
 10821 | Lair:1   | 10821 ||| ENCHANTING +2 orcbow.
 11110 | Lair:2   | 11110 ||| STAIRDANCE
 11112 | Lair:1   | 11112 ||| INVOKING Heroism.
 11114 | Lair:1   | Reached skill level 6 in Invocations
 11162 | Lair:2   | 11162 ||| INVOKING Heroism.
 11230 | Lair:2   | Noticed Amaemon
 11231 | Lair:2   | 11231 ||| INVOKING Heroism.
 11234 | Lair:2   | 11234 ||| Stepping ~*~*~tactically~*~*~ (outnumbered).
 11239 | Lair:2   | 11239 ||| Stepping ~*~*~tactically~*~*~ (outnumbered).
 11247 | Lair:2   | Killed Amaemon
 11279 | Lair:2   | 11279 ||| INVOKING Heroism.
 11338 | Lair:2   | Reached ***** piety under Okawaru
 11339 | Lair:2   | Reached skill level 12 in Fighting
 11637 | Lair:2   | 11637 ||| Stepping ~*~*~tactically~*~*~ (water).
 11638 | Lair:2   | 11638 ||| INVOKING Heroism.
 11832 | Lair:2   | Found a staircase to the Shoals.
 11841 | Lair:2   | 11841 ||| INVOKING Heroism.
 12279 | Lair:2   | 12279 ||| READING 4 scrolls of identify.
 12279 | Lair:2   | 12279 ||| IDENTIFYING murky sapphire potion
 12300 | Lair:3   | 12300 ||| INVOKING Heroism.
 12314 | Lair:3   | Reached skill level 9 in Dodging
 12506 | Lair:3   | 12506 ||| INVOKING Heroism.
 12515 | Lair:3   | Reached XP level 13. HP: 119/119 MP: 16/18
 12738 | Lair:3   | Reached skill level 9 in Invocations
 12756 | Lair:3   | Found a staircase to the Snake Pit.
 12883 | Lair:3   | 12883 ||| READING scroll labelled CYEJIMAOME.
 13025 | Lair:4   | Found a staircase to the Slime Pits.
 13079 | Lair:4   | 13079 ||| INVOKING Heroism.
 13181 | Lair:4   | 13181 ||| INVOKING Heroism.
 13183 | Lair:4   | Noticed Rupert
 13184 | Lair:4   | 13184 ||| INVOKING Finesse.
 13204 | Lair:4   | HP: 26/122 [Rupert/+2 triple sword of flaming (5)]
 13205 | Lair:4   | 13205 ||| READING 5 scrolls of teleportation.
 13206 | Lair:4   | 13206 ||| DRINKING 2 potions of heal wounds.
 13240 | Lair:4   | 13240 ||| INVOKING Heroism.
 13241 | Lair:4   | 13241 ||| INVOKING Finesse.
 13316 | Lair:4   | 13316 ||| READING scroll of enchant armour.
 13316 | Lair:4   | 13316 ||| ENCHANTING +0 pair of boots.
 13369 | Lair:4   | Noticed Urug
 13370 | Lair:4   | 13370 ||| INVOKING Heroism.
 13371 | Lair:4   | 13371 ||| INVOKING Finesse.
 13379 | Lair:4   | Killed Urug
 13453 | Lair:4   | 13453 ||| INVOKING Heroism.
 13715 | Lair:4   | 13715 ||| INVOKING Heroism.
 13716 | Lair:4   | 13716 ||| INVOKING Finesse.
 13719 | Lair:4   | Paralysed by Rupert for 4 turns
 13743 | Lair:4   | Killed Rupert
 13942 | Lair:5   | Entered Level 5 of the Lair of Beasts
 13948 | Lair:5   | 13948 ||| INVOKING Heroism.
 13956 | Lair:5   | 13956 ||| Stepping ~*~*~tactically~*~*~ (cloud).
 13959 | Lair:5   | 13959 ||| Stepping ~*~*~tactically~*~*~ (cloud).
 14052 | Lair:5   | 14052 ||| INVOKING Heroism.
 14081 | Lair:5   | 14081 ||| INVOKING Heroism.
 14133 | Lair:5   | 14133 ||| INVOKING Heroism.
 14134 | Lair:5   | 14134 ||| INVOKING Finesse.
 14212 | Lair:5   | 14212 ||| INVOKING Heroism.
 14254 | Lair:5   | 14254 ||| READING scroll of brand weapon.
 14254 | Lair:5   | 14254 ||| BRANDING +3 orcbow.
 14258 | Lair:5   | 14258 ||| INVOKING Heroism.
 14294 | Lair:5   | 14294 ||| INVOKING Heroism.
 14420 | Lair:5   | Reached skill level 15 in Fighting
 14440 | Lair:5   | 14440 ||| INVOKING Heroism.
 14466 | Lair:5   | 14466 ||| INVOKING Finesse.
 14467 | Lair:5   | 14467 ||| Stepping ~*~*~tactically~*~*~ (outnumbered).
 14512 | Lair:5   | 14512 ||| INVOKING Heroism.
 14513 | Lair:5   | 14513 ||| Stepping ~*~*~tactically~*~*~ (outnumbered).
 14516 | Lair:5   | 14516 ||| Stepping ~*~*~tactically~*~*~ (outnumbered).
 14532 | Lair:5   | Reached XP level 14. HP: 135/135 MP: 20/20
 14586 | Lair:5   | 14586 ||| INVOKING Heroism.
 14680 | Lair:5   | Identified the +0 plate armour of Filigreed the Leaf {Harm
                  | *Slow rCorr}
 14699 | Lair:5   | 14699 ||| Stepping ~*~*~tactically~*~*~ (outnumbered).
 14701 | Lair:5   | 14701 ||| Stepping ~*~*~tactically~*~*~ (outnumbered).
 14874 | Lair:5   | Identified the +6 halberd "Siuhaupn" {antimagic, Str+4}
                  | (Okawaru gifted it to you on level 5 of the Lair of Beasts)
 14874 | Lair:5   | Received a gift from Okawaru
 14882 | Lair:5   | 14882 ||| INVOKING Heroism.
 14886 | Lair:5   | 14886 ||| DRINKING potion of cancellation.
 14955 | Lair:5   | Found an ancient bone altar of Kikubaaqudgha.
 15230 | Lair:5   | 15230 ||| PLANNING D
 15230 | Lair:5   | 15230 ||| DROPPING ring of resist corrosion.
 15231 | Lair:5   | 15231 ||| UPGRADING to +4 ring of protection.
 15233 | Lair:5   | 15233 ||| DROPPING ring of protection from cold.
 15442 | D:12     | Found a staircase to the Orcish Mines.
 15470 | D:12     | Reached skill level 12 in Dodging
 15590 | D:12     | 15590 ||| INVOKING Heroism.
 15591 | D:12     | 15591 ||| INVOKING Finesse.
 15822 | D:12     | Identified the +1 broad axe "Wuehosh" {speed, *Slow rF++
                  | Int+5}
 15992 | D:12     | 15992 ||| READING 8 scrolls of identify.
 15992 | D:12     | 15992 ||| IDENTIFYING fizzy coppery potion
 15993 | D:12     | 15993 ||| DROPPING potion of brilliance.
 16018 | D:13     | 16018 ||| INVOKING Heroism.
 16030 | D:13     | Reached skill level 9 in Armour
 16060 | D:13     | 16060 ||| READING scroll of enchant weapon.
 16060 | D:13     | 16060 ||| ENCHANTING +3 orcbow of draining.
 16121 | D:13     | 16121 ||| FLEEEEING.
 16122 | D:13     | 16122 ||| FLEEEEING.
 16132 | D:13     | 16132 ||| INVOKING Heroism.
 16416 | D:13     | 16416 ||| INVOKING Heroism.
 16678 | D:13     | 16678 ||| Stepping ~*~*~tactically~*~*~ (outnumbered).
 16682 | D:13     | 16682 ||| Stepping ~*~*~tactically~*~*~ (outnumbered).
 17139 | D:13     | 17139 ||| READING scroll of enchant weapon.
 17139 | D:13     | 17139 ||| ENCHANTING +4 orcbow of draining.
 17219 | D:13     | 17219 ||| READING scroll labelled PIUGOH HO JOWK.
 17243 | D:14     | 17243 ||| INVOKING Heroism.
 17244 | D:14     | 17244 ||| Stepping ~*~*~tactically~*~*~ (cloud).
 17245 | D:14     | 17245 ||| INVOKING Finesse.
 17249 | D:14     | 17249 ||| Stepping ~*~*~tactically~*~*~ (cloud).
 17364 | D:14     | 17364 ||| Stepping ~*~*~tactically~*~*~ (outnumbered).
 17368 | D:14     | 17368 ||| Stepping ~*~*~tactically~*~*~ (outnumbered).
 17370 | D:14     | 17370 ||| Stepping ~*~*~tactically~*~*~ (outnumbered).
 17443 | D:14     | Found a portal to a secret trove of treasure.
 17516 | D:14     | Found a white marble altar of Elyvilon.
 17566 | D:14     | 17566 ||| INVOKING Heroism.
 17572 | D:14     | 17572 ||| Stepping ~*~*~tactically~*~*~ (outnumbered).
 17573 | D:14     | 17573 ||| Stepping ~*~*~tactically~*~*~ (outnumbered).
 17580 | D:14     | 17580 ||| Stepping ~*~*~tactically~*~*~ (outnumbered).
 17585 | D:14     | 17585 ||| INVOKING Heroism.
 17624 | D:14     | 17624 ||| INVOKING Finesse.
 17732 | D:14     | Reached XP level 15. HP: 149/149 MP: 21/21
 17745 | D:14     | Reached skill level 18 in Fighting
 17921 | D:14     | Found a gate to the Vaults.
 17944 | D:14     | Received a gift from Okawaru
 17951 | D:14     | HP: 31/149 [freezing wraith (9)]
 17953 | D:14     | 17953 ||| READING 7 scrolls of teleportation.
 17953 | D:14     | HP: 14/149 [basilisk (5)]
 17954 | D:14     | 17954 ||| DRINKING 2 potions of heal wounds.
 17955 | D:14     | 17955 ||| DRINKING potion of heal wounds.
 18219 | D:15     | Entered Level 15 of the Dungeon
 18283 | D:15     | Identified the +2 robe of the Serpent {rN++ Will-}
 18284 | D:15     | 18284 ||| INVOKING Heroism.
 18436 | D:15     | 18436 ||| FLEEEEING.
 18437 | D:15     | 18437 ||| FLEEEEING.
 18438 | D:15     | 18438 ||| Stepping ~*~*~tactically~*~*~ (outnumbered).
 18476 | D:15     | 18476 ||| INVOKING Heroism.
 18537 | D:15     | Found a staircase to the Depths.
 18537 | D:15     | Noticed a frost giant
 18538 | D:15     | 18538 ||| SWAPPING to +0 longbow.
 18539 | D:15     | 18539 ||| INVOKING Heroism.
 18540 | D:15     | 18540 ||| INVOKING Finesse.
 18553 | D:15     | Killed a frost giant
 18553 | D:15     | Received a gift from Okawaru
 18589 | D:15     | 18589 ||| DROPPING +1 antimagic hand crossbow.
 18590 | D:15     | 18590 ||| DROPPING +5 orcbow of draining.
 18937 | D:15     | 18937 ||| PLANNING ORC
 18937 | D:15     | 18937 ||| UPGRADING to +2 hat of see invisible.
 18942 | D:15     | 18942 ||| UPGRADING to +6 ring of dexterity.
 18944 | D:15     | 18944 ||| UPGRADING to +5 ring of evasion.
 18946 | D:15     | 18946 ||| DROPPING +4 ring of protection.
 19031 | Orc:1    | Entered Level 1 of the Orcish Mines
 19193 | Orc:1    | Found a transporter.
 19197 | Orc:1    | Found a transporter.
 19312 | Orc:1    | 19312 ||| Stepping ~*~*~tactically~*~*~ (outnumbered).
 19314 | Orc:1    | 19314 ||| Stepping ~*~*~tactically~*~*~ (outnumbered).
 19316 | Orc:1    | 19316 ||| Stepping ~*~*~tactically~*~*~ (outnumbered).
 19321 | Orc:1    | 19321 ||| Stepping ~*~*~tactically~*~*~ (outnumbered).
 19617 | Orc:2    | Entered Level 2 of the Orcish Mines
 19618 | Orc:2    | 19618 ||| PLANNING BAZAAR
 19618 | Orc:2    | 19618 ||| INVOKING Heroism.
 19728 | Orc:2    | Found a flickering gateway to a bazaar.
 19734 | Bazaar   | Entered a bazaar
 19734 | Bazaar   | Found Xeraat's Jewellery Shop.
 19734 | Bazaar   | Found Oqyc's Weapon Boutique.
 19766 | Bazaar   | Found Hiashril's Distillery.
 19773 | Bazaar   | 19773 ||| BUYING 2 potions of enlightenment (120 gold).
 19773 | Bazaar   | Bought 2 potions of enlightenment for 120 gold pieces
 19773 | Bazaar   | 19773 ||| BUYING 3 potions of curing (108 gold).
 19773 | Bazaar   | Bought 3 potions of curing for 108 gold pieces
 19773 | Bazaar   | 19773 ||| BUYING potion of curing (36 gold).
 19773 | Bazaar   | Bought a potion of curing for 36 gold pieces
 19773 | Bazaar   | 19773 ||| BUYING potion of magic (96 gold).
 19773 | Bazaar   | Bought a potion of magic for 96 gold pieces
 19773 | Bazaar   | 19773 ||| BUYING potion of mutation (96 gold).
 19773 | Bazaar   | Bought a potion of mutation for 96 gold pieces
 19773 | Bazaar   | 19773 ||| BUYING potion of mutation (96 gold).
 19773 | Bazaar   | Bought a potion of mutation for 96 gold pieces
 19773 | Bazaar   | 19773 ||| BUYING potion of resistance (120 gold).
 19773 | Bazaar   | Bought a potion of resistance for 120 gold pieces
 19773 | Bazaar   | 19773 ||| BUYING potion of resistance (120 gold).
 19773 | Bazaar   | Bought a potion of resistance for 120 gold pieces
 19781 | Bazaar   | Found Siecvy's Magic Scroll Shoppe.
 19789 | Bazaar   | 19789 ||| BUYING scroll of brand weapon (114 gold).
 19789 | Bazaar   | Bought a scroll of brand weapon for 114 gold pieces
 19789 | Bazaar   | 19789 ||| BUYING scroll of enchant armour (90 gold).
 19789 | Bazaar   | Bought a scroll of enchant armour for 90 gold pieces
 19789 | Bazaar   | 19789 ||| READING scroll of brand weapon.
 19789 | Bazaar   | 19789 ||| BRANDING +0 longbow.
 19790 | Bazaar   | 19790 ||| READING scroll of enchant armour.
 19790 | Bazaar   | 19790 ||| ENCHANTING +1 pair of boots.
 19797 | Bazaar   | Found Jixzal's General Store.
 19805 | Bazaar   | 19805 ||| BUYING +1 swamp dragon scales (456 gold).
 19805 | Bazaar   | Bought +1 swamp dragon scales for 456 gold pieces
 19805 | Bazaar   | 19805 ||| BUYING potion of enlightenment (40 gold).
 19805 | Bazaar   | Bought a potion of enlightenment for 40 gold pieces
 19854 | Bazaar   | 19854 ||| UPGRADING to +1 swamp dragon scales.
 19869 | Orc:2    | 19869 ||| PLANNING ORC
 19892 | Orc:2    | Noticed Azrael
 19893 | Orc:2    | 19893 ||| INVOKING Heroism.
 19894 | Orc:2    | 19894 ||| INVOKING Finesse.
 19906 | Orc:2    | Killed Azrael
 19953 | Orc:2    | 19953 ||| INVOKING Heroism.
 19964 | Orc:2    | Reached skill level 17 in Ranged Weapons
 20057 | Orc:2    | 20057 ||| Stepping ~*~*~tactically~*~*~ (outnumbered).
 20058 | Orc:2    | Noticed Nessos
 20059 | Orc:2    | 20059 ||| Stepping ~*~*~tactically~*~*~ (outnumbered).
 20061 | Orc:2    | 20061 ||| Stepping ~*~*~tactically~*~*~ (outnumbered).
 20062 | Orc:2    | 20062 ||| Stepping ~*~*~tactically~*~*~ (outnumbered).
 20063 | Orc:2    | 20063 ||| Stepping ~*~*~tactically~*~*~ (outnumbered).
 20064 | Orc:2    | 20064 ||| Stepping ~*~*~tactically~*~*~ (outnumbered).
 20065 | Orc:2    | 20065 ||| Stepping ~*~*~tactically~*~*~ (outnumbered).
 20068 | Orc:2    | 20068 ||| Stepping ~*~*~tactically~*~*~ (outnumbered).
 20072 | Orc:2    | 20072 ||| INVOKING Heroism.
 20074 | Orc:2    | 20074 ||| Stepping ~*~*~tactically~*~*~ (outnumbered).
 20075 | Orc:2    | 20075 ||| Stepping ~*~*~tactically~*~*~ (outnumbered).
 20095 | Orc:2    | Killed Nessos
 20143 | Orc:2    | 20143 ||| SWAPPING to +2 longbow of flaming.
 20144 | Orc:2    | 20144 ||| DROPPING +0 longbow of flaming.
 20248 | Orc:2    | Found Zuumuxaf's Magic Scroll Shoppe.
 20248 | Orc:2    | Found Saazogag's Magic Scroll Shop.
 20250 | Orc:2    | Found Bugili's Assorted Antiques.
 20252 | Orc:2    | Found Fuacaeh's Jewellery Emporium.
 20256 | Orc:2    | 20256 ||| BUYING scroll of teleportation (48 gold).
 20256 | Orc:2    | Bought a scroll of teleportation for 48 gold pieces
 20256 | Orc:2    | 20256 ||| BUYING scroll of teleportation (48 gold).
 20256 | Orc:2    | Bought a scroll of teleportation for 48 gold pieces
 20257 | Orc:2    | 20257 ||| BUYING scroll of teleportation (39 gold).
 20257 | Orc:2    | Bought a scroll of teleportation for 39 gold pieces
 20336 | Orc:2    | Found a staircase to the Elven Halls.
 20377 | Orc:2    | 20377 ||| PLANNING SHOALS:1-3
 20493 | Shoals:1 | Entered Level 1 of the Shoals
 20506 | Shoals:1 | 20506 ||| INVOKING Heroism.
 20634 | Shoals:1 | 20634 ||| INVOKING Heroism.
 20665 | Shoals:1 | Reached skill level 18 in Ranged Weapons
 20746 | Shoals:1 | 20746 ||| Stepping ~*~*~tactically~*~*~ (water).
 20752 | Shoals:1 | 20752 ||| INVOKING Heroism.
 20818 | Shoals:1 | 20818 ||| INVOKING Heroism.
 20822 | Shoals:1 | 20822 ||| Stepping ~*~*~tactically~*~*~ (water).
 21217 | Shoals:1 | 21217 ||| READING scroll labelled JEXAED ZOSAOBB.
 21284 | Shoals:2 | 21284 ||| STAIRDANCE
 21322 | Shoals:2 | Reached XP level 16. HP: 119/157 MP: 22/22
 21328 | Shoals:2 | 21328 ||| INVOKING Heroism.
 21333 | Shoals:2 | Reached skill level 19 in Ranged Weapons
 21418 | Shoals:2 | 21418 ||| Stepping ~*~*~tactically~*~*~ (water).
 21424 | Shoals:2 | 21424 ||| Stepping ~*~*~tactically~*~*~ (water).
 21442 | Shoals:2 | 21442 ||| Stepping ~*~*~tactically~*~*~ (water).
 21446 | Shoals:2 | 21446 ||| Stepping ~*~*~tactically~*~*~ (water).
 21447 | Shoals:2 | 21447 ||| Stepping ~*~*~tactically~*~*~ (water).
 21492 | Shoals:2 | 21492 ||| Stepping ~*~*~tactically~*~*~ (water).
 21504 | Shoals:2 | 21504 ||| Stepping ~*~*~tactically~*~*~ (water).
 21517 | Shoals:2 | 21517 ||| Stepping ~*~*~tactically~*~*~ (water).
 21591 | Shoals:2 | Found a runed translucent gate.
 21591 | Shoals:2 | Found a runed translucent gate.
 21592 | Shoals:2 | Found a runed translucent gate.
 21595 | Shoals:2 | 21595 ||| Stepping ~*~*~tactically~*~*~ (water).
 21600 | Shoals:2 | Noticed Ilsuiw
 21601 | Shoals:2 | 21601 ||| INVOKING Heroism.
 21602 | Shoals:2 | 21602 ||| INVOKING Finesse.
 21612 | Shoals:2 | Killed Ilsuiw
 21655 | Shoals:2 | Noticed qw's ghost (adept GrHs)
 21687 | Shoals:2 | Reached skill level 20 in Ranged Weapons
 21712 | Shoals:2 | 21712 ||| INVOKING Heroism.
 21759 | Shoals:2 | Identified the +0 chain mail of Ewiomier {rCorr Str+2}
                  | (Okawaru gifted it to you on level 2 of the Shoals)
 21759 | Shoals:2 | Received a gift from Okawaru
 21890 | Shoals:2 | Noticed Louise
 21891 | Shoals:2 | 21891 ||| Stepping ~*~*~tactically~*~*~ (water).
 21892 | Shoals:2 | 21892 ||| INVOKING Heroism.
 21893 | Shoals:2 | 21893 ||| INVOKING Finesse.
 21898 | Shoals:2 | Killed Louise
 22228 | Shoals:3 | Found a frozen archway.
 22235 | Shoals:3 | Reached skill level 12 in Armour
 22283 | Shoals:3 | 22283 ||| Stepping ~*~*~tactically~*~*~ (water).
 22287 | Shoals:3 | 22287 ||| INVOKING Heroism.
 22481 | Shoals:3 | 22481 ||| Stepping ~*~*~tactically~*~*~ (water).
 22484 | Shoals:3 | 22484 ||| FLEEEEING.
 22497 | Shoals:3 | 22497 ||| INVOKING Heroism.
 22663 | Shoals:3 | Noticed a kraken
 22673 | Shoals:3 | Killed a kraken
 22711 | Shoals:3 | 22711 ||| PLANNING SNAKE:1-3
 22826 | Snake:1  | Entered Level 1 of the Snake Pit
 22857 | Snake:1  | Reached skill level 15 in Dodging
 22870 | Snake:1  | 22870 ||| INVOKING Heroism.
 22945 | Snake:1  | Noticed Donald
 22946 | Snake:1  | 22946 ||| INVOKING Heroism.
 22953 | Snake:1  | Killed Donald
 23025 | Snake:1  | 23025 ||| Stepping ~*~*~tactically~*~*~ (outnumbered).
 23111 | Snake:1  | 23111 ||| INVOKING Heroism.
 23185 | Snake:1  | 23185 ||| READING scroll of enchant weapon.
 23185 | Snake:1  | 23185 ||| ENCHANTING +2 longbow of flaming.
 23908 | Snake:1  | 23908 ||| DRINKING 3 lumpy cyan potions.
 23909 | Snake:1  | 23909 ||| DROPPING 2 potions of invisibility.
 23993 | Snake:2  | 23993 ||| FLEEEEING.
 23994 | Snake:2  | 23994 ||| STAIRDANCE
 24015 | Snake:2  | 24015 ||| STAIRDANCE
 24106 | Snake:2  | 24106 ||| Stepping ~*~*~tactically~*~*~ (outnumbered).
 24108 | Snake:2  | 24108 ||| Stepping ~*~*~tactically~*~*~ (outnumbered).
 24110 | Snake:2  | 24110 ||| Stepping ~*~*~tactically~*~*~ (outnumbered).
 24112 | Snake:2  | 24112 ||| Stepping ~*~*~tactically~*~*~ (outnumbered).
 24116 | Snake:2  | 24116 ||| Stepping ~*~*~tactically~*~*~ (outnumbered).
 24165 | Snake:2  | 24165 ||| Stepping ~*~*~tactically~*~*~ (outnumbered).
 24288 | Snake:2  | Received a gift from Okawaru
 24290 | Snake:2  | 24290 ||| Stepping ~*~*~tactically~*~*~ (outnumbered).
 24291 | Snake:2  | 24291 ||| Stepping ~*~*~tactically~*~*~ (outnumbered).
 24292 | Snake:2  | 24292 ||| Stepping ~*~*~tactically~*~*~ (outnumbered).
 24293 | Snake:2  | 24293 ||| Stepping ~*~*~tactically~*~*~ (outnumbered).
 24294 | Snake:2  | 24294 ||| Stepping ~*~*~tactically~*~*~ (outnumbered).
 24297 | Snake:2  | 24297 ||| Stepping ~*~*~tactically~*~*~ (outnumbered).
 24303 | Snake:2  | Reached XP level 17. HP: 141/166 MP: 23/23
 24453 | Snake:2  | Noticed Vashnia
 24454 | Snake:2  | 24454 ||| Stepping ~*~*~tactically~*~*~ (outnumbered).
 24455 | Snake:2  | 24455 ||| Stepping ~*~*~tactically~*~*~ (outnumbered).
 24460 | Snake:2  | 24460 ||| FLEEEEING.
 24461 | Snake:2  | 24461 ||| FLEEEEING.
 24462 | Snake:2  | 24462 ||| FLEEEEING.
 24464 | Snake:2  | 24464 ||| Stepping ~*~*~tactically~*~*~ (outnumbered).
 24466 | Snake:2  | 24466 ||| Stepping ~*~*~tactically~*~*~ (outnumbered).
 24472 | Snake:2  | 24472 ||| Stepping ~*~*~tactically~*~*~ (outnumbered).
 24475 | Snake:2  | 24475 ||| INVOKING Heroism.
 24479 | Snake:2  | 24479 ||| Stepping ~*~*~tactically~*~*~ (outnumbered).
 24492 | Snake:2  | 24492 ||| INVOKING Heroism.
 24500 | Snake:2  | 24500 ||| FLEEEEING.
 24517 | Snake:2  | 24517 ||| INVOKING Heroism.
 24550 | Snake:2  | Killed Vashnia
 24734 | Snake:3  | 24734 ||| INVOKING Heroism.
 24892 | Snake:3  | 24892 ||| INVOKING Heroism.
 25008 | Snake:3  | 25008 ||| Stepping ~*~*~tactically~*~*~ (outnumbered).
 25010 | Snake:3  | 25010 ||| Stepping ~*~*~tactically~*~*~ (outnumbered).
 25012 | Snake:3  | 25012 ||| Stepping ~*~*~tactically~*~*~ (outnumbered).
 25016 | Snake:3  | 25016 ||| Stepping ~*~*~tactically~*~*~ (outnumbered).
 25023 | Snake:3  | 25023 ||| INVOKING Heroism.
 25205 | Snake:3  | Identified the scarf of the Eternal Void {+Inv, rN+ Regen+}
                  | (Okawaru gifted it to you on level 3 of the Snake Pit)
 25205 | Snake:3  | Received a gift from Okawaru
 25249 | Snake:3  | 25249 ||| Stepping ~*~*~tactically~*~*~ (outnumbered).
 25316 | Snake:3  | 25316 ||| Stepping ~*~*~tactically~*~*~ (outnumbered).
 25521 | Snake:3  | Identified a scroll of acquirement
 25530 | Snake:3  | 25530 ||| READING scroll of acquirement.
 25530 | Snake:3  | 25530 ||| ACQUIRING 831 gold pieces
 25530 | Snake:3  | Acquired 831 gold pieces
 26094 | Snake:3  | 26094 ||| PLANNING SHOALS:4
 26094 | Snake:3  | 26094 ||| UPGRADING to scarf of the Eternal Void {+Inv, rN+
                  | Regen+}.
 26104 | Snake:3  | 26104 ||| DROPPING +0 cloak.
 26310 | Shoals:4 | Entered Level 4 of the Shoals
 26311 | Shoals:4 | 26311 ||| INVOKING Heroism.
 26327 | Shoals:4 | HP: 42/168 [harpy zombie (2)]
 26328 | Shoals:4 | 26328 ||| DRINKING potion of heal wounds.
 26329 | Shoals:4 | 26329 ||| INVOKING Finesse.
 26330 | Shoals:4 | 26330 ||| READING 11 scrolls of teleportation.
 26330 | Shoals:4 | HP: 11/168 [water elemental[a merfolk aquamancer] (15)]
 26330 | Shoals:4 | Killed from afar by a water nymph

Levels and vault maps discovered:
D:1:      arrival_zaba_pyramid, layout_basic,
          dreamdust_ecumenical_altar_angels_and_demons, minmay_cut_off
D:2:      layout_basic
D:3:      minmay_skewed_foursquare, layout_loops_corners, serial_shops,
          nicolae_shop_industrial_runoff, nicolae_shop_mannequins, serial_glass,
          glass_columns_a, glass_columns_c, glass_columns_a, glass_columns_a,
          glass_columns_a, glass_columns_b, due_unseen_surprise,
          feat_on_display, item_on_display_a, minmay_strange_pillars
D:4:      layout_basic
D:5:      layout_loops_ring, nicolae_ru_sacrificial_ziggurat, led_sif_pool,
          mainiacjoe_overflow_24_doors, serial_shops, nicolae_lakefront_shop,
          hangedman_minor_gate_pass, uniq_edmund
D:6:      nicolae_cairo_tiling_large, layout_loops_ring,
          minmay_temple_entry_large_hall, lightli_orcish_oven
D:7:      layout_layer_cave, nicolae_dithmenos_the_darkroom, uniq_maggie
D:8:      layout_gridville, uniq_maurice
D:9:      layout_grid_maze, kennysheep_slug_shrine,
          nicolae_gozag_cash_rules_everything_around_me, uniq_pikel
D:10:     layout_irregular_city
D:11:     layout_loops_ring, hellmonk_lair_entry_icy, uniq_snorg, uniq_sonja
D:12:     layout_loops_cross, orc_0_dummy
D:13:     layout_loops_corners, serial_shops, bzr_firewalk,
          kennysheep_cluttered_room
D:14:     layout_long_grid, skrybe_vaults_entry_preservation, elyvilon_altar_4,
          nicolae_trove_entry_path_of_doom
D:15:     grunt_enter_depths_snipers, layout_rooms, minmay_misc_feat_five
Temple:   minmay_temple_bridge_d
Lair:1:   layout_regular_city
Lair:2:   layout_layer_cave, minmay_shoals_entry_hut, beast_lair_carwin_3,
          uniq_amaemon
Lair:3:   layout_misc_corridors, minmay_snake_entry_guardpost_medium
Lair:4:   layout_gridlike, minmay_slime_entry_pillars, grunt_megastairs_3,
          uniq_urug, uniq_rupert
Lair:5:   hangedman_lair_caniforms_friends, layout_hall_layers, basic_altar,
          nicolae_lair_yak_garden
Shoals:1: layout_shoals
Shoals:2: layout_shoals, gammafunk_ghost_tricky_traps, uniq_ilsuiw, uniq_louise
Shoals:3: layout_shoals, portal_ice_cave_entry_ice_simulacra
Shoals:4: shoals_end_grunt_garden, layout_shoals, ebering_ghost_rock_garden,
          nicolae_shoals_undead_eyrie
Snake:1:  layout_grid_maze, nicolae_snake_gridmaze_big_u, uniq_donald
Snake:2:  layout_misc_corridors, st_stairs_7, uniq_vashnia
Snake:3:  layout_layer_cave
Orc:1:    gammafunk_beogh_shrine, layout_diamond_mine, nicolae_orc_lava_room
Orc:2:    st_orc_rangers, layout_caves, serial_shops, bzr_entry_road,
          uniq_azrael, uniq_nessos

Skill      XL: |  1  2  3  4  5  6  7  8  9 10 11 12 13 14 15 16 17 |
---------------+----------------------------------------------------+-----
Ranged Weapons | 3 4 5 6 7 8 10 12 14 16 18 20 | 20.0
Fighting       | 2 3 4 5 7 8 9 10 12 15 17 18 19 | 19.4
Armour         | 1 2 4 6 8 9 10 13 14 | 14.0
Dodging        | 4 5 6 7 9 11 13 14 15 16 | 16.0
Invocations    | 4 8 10 | 10.0
Spellcasting   | |  1.0
Hexes          | |  2.0

Action                     |  1- 3 |  4- 6 |  7- 9 | 10-12 | 13-15 | 16-18 || total
---------------------------+-------+-------+-------+-------+-------+-------++-------
   Fire: Sling             |   112 |   151 |   271 |       |       |       ||   534
         Shortbow          |       |       |   109 |       |       |       ||   109
         Orcbow            |       |       |    25 |   785 |  1276 |       ||  2086
         Longbow           |       |       |       |       |   485 |   684 ||  1169
 Invoke: Heroism           |       |       |     5 |    26 |    35 |    16 ||    82
         Finesse           |       |       |       |       |    11 |     3 ||    14
    Use: Scroll            |     3 |     6 |    12 |     7 |    12 |     3 ||    43
         Potion            |       |     3 |     2 |     2 |     4 |     2 ||    13
 Armour: Robe              |     6 |       |    14 |    19 |       |       ||    39
         Ring mail         |     7 |    34 |    10 |    32 |       |       ||    83
         Acid dragon scale |       |       |     7 |    21 |       |       ||    28
         Troll leather arm |       |       |       |    32 |   172 |       ||   204
         Swamp dragon scal |       |       |       |       |    37 |    67 ||   104
  Dodge: Dodged            |    40 |    90 |   236 |   513 |  1092 |   472 ||  2443

Table legend:
 A = Non-vault XP
 B = Vault XP
 C = Vault XP percentage of total XP
 D = Non-vault monster count
 E = Vault monster count
 F = Vault count percentage of total count
                 A         B        C        D         E       F
            +---------+---------+-------+---------+---------+-------
      Total |  189097 |   59731 |  24.0 |     718 |     202 |  22.0
            +---------+---------+-------+---------+---------+-------
        D:1 |      67 |       2 |   2.9 |      32 |       1 |   3.0
        D:2 |      41 |       0 |   0.0 |      15 |       0 |   0.0
        D:3 |      31 |      64 |  67.4 |      12 |       5 |  29.4
        D:4 |     524 |       0 |   0.0 |      28 |       0 |   0.0
        D:5 |     560 |     155 |  21.7 |      23 |       3 |  11.5
        D:6 |    1059 |      15 |   1.4 |      21 |       5 |  19.2
        D:7 |    1846 |     385 |  17.3 |      33 |       1 |   2.9
        D:8 |    1894 |     462 |  19.6 |      22 |       1 |   4.3
        D:9 |    3421 |     621 |  15.4 |      26 |       2 |   7.1
       D:10 |    3167 |       0 |   0.0 |      26 |       0 |   0.0
       D:11 |    1875 |    3406 |  64.5 |       7 |      12 |  63.2
       D:12 |    3922 |       0 |   0.0 |      10 |       0 |   0.0
       D:13 |   11371 |       0 |   0.0 |      28 |       0 |   0.0
       D:14 |   11277 |    5333 |  32.1 |      23 |      11 |  32.4
       D:15 |   10166 |    2940 |  22.4 |      22 |       3 |  12.0
     Lair:1 |    7029 |       0 |   0.0 |      28 |       0 |   0.0
     Lair:2 |    5312 |    2119 |  28.5 |      20 |       7 |  25.9
     Lair:3 |    4819 |     482 |   9.1 |      27 |       3 |  10.0
     Lair:4 |    6533 |    5102 |  43.9 |      27 |      13 |  32.5
     Lair:5 |   12238 |   12344 |  50.2 |      37 |      61 |  62.2
   Shoals:1 |   19575 |       0 |   0.0 |      39 |       0 |   0.0
   Shoals:2 |   21451 |    3708 |  14.7 |      43 |       5 |  10.4
   Shoals:3 |   12660 |    4783 |  27.4 |      24 |       8 |  25.0
   Shoals:4 |    1665 |     873 |  34.4 |       4 |       4 |  50.0
    Snake:1 |    9777 |    1312 |  11.8 |      18 |       1 |   5.3
    Snake:2 |   13373 |    8312 |  38.3 |      29 |       8 |  21.6
    Snake:3 |   18829 |       0 |   0.0 |      38 |       0 |   0.0
      Orc:1 |    1630 |       0 |   0.0 |      20 |       0 |   0.0
      Orc:2 |    2985 |    7313 |  71.0 |      36 |      48 |  57.1
            +---------+---------+-------+---------+---------+-------
